 Dungeon Crawl Stone Soup version 0.27.1-33-g824d729ab1 (webtiles) character file.

Game seed: 1965712870592351476

1689 erik8world the Grappler (level 8, 0/78 HPs)
             Began as a Troll Chaos Knight on Dec 19, 2021.
             Was a Plaything of Xom.
             Killed by divine providence
             ... invoked by a smoke demon
             ... summoned by Xom
              (10 damage)
             ... on level 6 of the Dungeon.
             The game lasted 00:16:57 (3524 turns).

erik8world the Grappler (Troll Chaos Knight)        Turns: 3524, Time: 00:16:58

Health: 0/78       AC: 11    Str: 19    XL:     8   Next: 71%
Magic:  7/7        EV:  8    Int:  8    God:    Xom [......]
Gold:   205        SH: 13    Dex:  7    Spells: 7/7 levels left

rFire    . . .     SeeInvis .     - Unarmed
rCold    . . .     Faith    .   t - +0 kite shield
rNeg     . . .     Spirit   .   a - +2 robe
rPois    .         Reflect  +   (helmet restricted)
rElec    .         Harm     .   g - +0 cloak
rCorr    .         Rampage  .   (gloves unavailable)
Will     .....                  (boots unavailable)
Stlth    +.........             e - amulet of reflection
HPRegen  1.23/turn              i - +4 ring of protection
MPRegen  0.10/turn              (no ring)

@: unable to read, flying, studying Unarmed Combat
A: large, unfitting armour, claws 3, regeneration 1, shaggy fur 1, tough skin 1,
clumsy 1, weak 2, inability to read while threatened
a: Renounce Religion


You were on level 6 of the Dungeon.
You worshipped Xom.
You were a very special plaything of Xom.
You visited 1 branch of the dungeon, and saw 6 of its levels.

You collected 205 gold pieces.

Inventory:

Hand Weapons
 f - a +4 great sword
 m - a +0 battleaxe
Missiles
 r - 6 boomerangs (quivered)
Armour
 a - a +2 robe (worn)
 c - a +0 pair of boots
 g - a +0 cloak (worn)
 j - a +3 leather armour
 t - a +0 kite shield (worn)
 x - a +0 robe
Jewellery
 e - an amulet of reflection (around neck)
 i - a +4 ring of protection (left claw)
 k - a +6 ring of intelligence
Wands
 u - a wand of digging (7)
 w - a wand of paralysis (6)
Scrolls
 d - 2 scrolls of identify
 h - 2 scrolls of enchant weapon
 v - a scroll of noise
Potions
 b - a potion of ambrosia


   Skills:
 * Level 4.2 Fighting
 + Level 0.7 Throwing
 * Level 5.2 Dodging
 + Level 2.7 Shields
 * Level 9.3 Unarmed Combat


You had 7 spell levels left.
You didn't know any spells.
Your spell library contained the following spells:

 Spells                   Type           Power      Damage    Failure   Level
 Dazzling Flash           Conj/Hex       0%         N/A       99%         3
 Agony                    Necr           0%         N/A       100%        5
 Silence                  Hex/Air        0%         N/A       100%        5


Dungeon Overview and Level Annotations

Branches:
Dungeon (6/15)             Temple (0/1) D:6

Altars:
Cheibriados
Gozag
Nemelex Xobeh
Okawaru
Ru
The Shining One

Shops:
D:2 !   D:3 [


Innate Abilities, Weirdness & Mutations

You are too large for most types of armour.
You have claws for hands.
Your natural rate of healing is unusually fast.
You are covered in fur. (AC +1)
You have tough skin. (AC +1)
You are clumsy. (Dex -2)
You are very weak. (Str -4)
You sometimes lose the ability to read scrolls when taking damage.


Message History

The smoke demon gestures at you. The ball of steam hits you!!
* * * LOW HITPOINT WARNING * * *
You cannot read scrolls in your current state!
You feel much better.
You are engulfed in a cloud of scalding steam.
The ice devil barely misses you. The smoke demon hits you.
The smoke demon hits you but does no damage. x2
You scratch the smoke demon but do no damage.
The smoke demon is heavily wounded.
You block the ice devil's attack. The smoke demon barely misses you.
The smoke demon hits you but does no damage.
The smoke demon hits you.
You barely miss the smoke demon.
The smoke demon is heavily wounded.
The ice devil hits you. The ice devil freezes you!
* * * LOW HITPOINT WARNING * * *
The smoke demon hits you.
* * * LOW HITPOINT WARNING * * *
The smoke demon hits you.
* * * LOW HITPOINT WARNING * * *
The smoke demon barely misses you.
You feel very buoyant.
You fly up into the air.
You block the ice devil's attack. The smoke demon hits you.
* * * LOW HITPOINT WARNING * * *
The smoke demon hits you but does no damage.
You block the smoke demon's attack.
You completely miss the smoke demon.
The smoke demon is heavily wounded.
You block the ice devil's attack. The smoke demon hits you.
* * * LOW HITPOINT WARNING * * *
You block the smoke demon's attack. x2
You claw the smoke demon!
The smoke demon is severely wounded.
You block the ice devil's attack. The smoke demon gestures at you.
Xom smites you!
You die...
Xom yawns loudly!

# ######## ##
#....3@# .#
#.####4# .#
#.# #5# .#
#.# #.#
.##########.#
#.#
...>........#
#.#
#############
#.# ..# #.#
#.#


You could see an ice devil (summoned), a smoke demon (summoned) and a white imp
(summoned).

Vanquished Creatures
  An orc warrior (D:6)
  An ogre (D:5)
  A lemure (D:4)
  Blork the orc (D:6)
  A water moccasin zombie (D:6)
  3 scorpions
  2 water moccasin skeletons
  4 wights (D:6)
  A centaur zombie (D:5)
  A jelly (D:6)
  2 hounds
  3 orc priests
  An iguana (D:5)
  2 orc wizards
  7 adders
  A howler monkey skeleton (D:6)
  3 shadow imps
  An ufetubus (D:5)
  A worm (D:2)
  A dart slug (D:1)
  7 orcs
  5 ball pythons
  8 endoplasms
  4 giant cockroaches
  A goblin (D:1)
  9 hobgoblins
  14 jackals
  4 quokkas
  12 bats
  A frilled lizard (D:2)
  9 kobolds
  4 rats
116 creatures vanquished.

Vanquished Creatures (collateral kills)
  Pikel (D:4)
  A worm (D:4)
2 creatures vanquished.

Vanquished Creatures (others)
  A kobold (D:4)
1 creature vanquished.

Grand Total: 119 creatures vanquished

Notes
Turn   | Place    | Note
-------+----------+-------------------------------------------
     0 | D:1      | erik8world the Troll Chaos Knight began the quest for the
                  | Orb.
     0 | D:1      | Reached XP level 1. HP: 22/22 MP: 0/0
    64 | D:1      | XOM: silly message
   100 | D:1      | Reached XP level 2. HP: 29/29 MP: 1/1
   366 | D:1      | Reached XP level 3. HP: 36/36 MP: 2/2
   404 | D:1      | XOM: divination: detect creatures
   690 | D:2      | Found Lioxem's Distillery.
   694 | D:2      | XOM: cloud trail
   906 | D:2      | Reached skill level 4 in Unarmed Combat
   960 | D:2      | Reached XP level 4. HP: 44/44 MP: 3/3
  1087 | D:2      | XOM: 1-stop teleportation journey
  1289 | D:3      | XOM: smoke on damage
  1335 | D:3      | XOM: silly message
  1410 | D:3      | Found Weiseqij's Antique Armour Boutique.
  1418 | D:3      | XOM: silly message
  1573 | D:3      | XOM: god gift: battleaxe {god gift}
  1866 | D:4      | XOM: 1-stop teleportation journey
  1879 | D:4      | Noticed Pikel
  1879 | D:4      | Noticed a lemure
  1879 | D:4      | Noticed a lemure
  1879 | D:4      | Noticed a lemure
  1879 | D:4      | Noticed a lemure
  1890 | D:4      | Killed a lemure
  1894 | D:4      | XOM: 5-stop teleportation journey
  1896 | D:4      | XOM: scenery: 1 doors open, 1 doors close
  1900 | D:4      | XOM: scenery: 2 doors close
  1904 | D:4      | Reached XP level 5. HP: 39/53 MP: 4/4
  1908 | D:4      | Reached skill level 5 in Unarmed Combat
  2066 | D:4      | Paralysed by Pikel for 7 turns
  2068 | D:4      | Killed Pikel
  2069 | D:4      | Reached skill level 1 in Shields
  2069 | D:4      | Reached skill level 6 in Unarmed Combat
  2069 | D:4      | Reached XP level 6. HP: 55/61 MP: 5/5
  2069 | D:4      | Reached XP level 7. HP: 61/67 MP: 6/6
  2260 | D:4      | XOM: noise
  2283 | D:4      | XOM: give mutations
  2283 | D:4      | Gained mutation: You sometimes lose the ability to read
                  | scrolls when taking damage. [Xom's mischief]
  2283 | D:4      | Gained mutation: You are clumsy. (Dex -2) [Xom's mischief]
  2283 | D:4      | Gained mutation: You are weak. (Str -2) [Xom's mischief]
  2333 | D:4      | XOM: give mutation
  2333 | D:4      | Gained mutation: You are very weak. (Str -4) [Xom's
                  | mischief]
  2438 | D:4      | Found a sparkling altar of Nemelex Xobeh.
  2513 | D:5      | Entered Level 5 of the Dungeon
  2516 | D:5      | Identified a scroll of acquirement
  2516 | D:5      | Acquired a manual of Unarmed Combat
  2524 | D:5      | XOM: fog
  2529 | D:5      | Reached skill level 7 in Unarmed Combat
  2596 | D:5      | XOM: 2-stop teleportation journey
  2706 | D:5      | XOM: summons 1 hostile demon
  2852 | D:5      | Found a sacrificial altar of Ru.
  2852 | D:5      | XOM: polymorph frilled lizard -> bat
  2872 | D:5      | XOM: summons 1 hostile demon
  2873 | D:5      | XOM: 2-stop teleportation journey
  2901 | D:5      | Reached skill level 8 in Unarmed Combat
  2910 | D:5      | XOM: summons 3 hostile demons
  2914 | D:5      | XOM: 5-stop teleportation journey
  2989 | D:5      | Reached XP level 8. HP: 78/78 MP: 7/7
  3067 | D:5      | XOM: summons 3 hostile shadow creatures
  3239 | D:6      | Noticed Blork the orc
  3251 | D:6      | Killed Blork the orc
  3253 | D:6      | XOM: confusion (+ monsters)
  3268 | D:6      | XOM: repel stairs
  3273 | D:6      | XOM: noise
  3301 | D:6      | XOM: enchant monster (good)
  3306 | D:6      | XOM: chaos cloud
  3310 | D:6      | Reached skill level 9 in Unarmed Combat
  3318 | D:6      | XOM: noise
  3373 | D:6      | Found a glowing golden altar of the Shining One.
  3397 | D:6      | Found an iron altar of Okawaru.
  3416 | D:6      | Reached skill level 5 in Dodging
  3439 | D:6      | Found an opulent altar of Gozag.
  3439 | D:6      | Found a snail-covered altar of Cheibriados.
  3462 | D:6      | Found a staircase to the Ecumenical Temple.
  3510 | D:6      | XOM: summons 4 hostile demons
  3511 | D:6      | Noticed a smoke demon
  3511 | D:6      | Noticed an ice devil
  3524 | D:6      | Killed from afar by a smoke demon

Illustrated notes

Levels and vault maps discovered:
D:1:      wheals_arrival_linesprint, layout_basic, minmay_surrounded
D:2:      minmay_chambers_of_twos, layout_rooms, serial_shops, shop,
          minmay_misc_feat_nine_boxes
D:3:      layout_basic, serial_shops, shop
D:4:      layout_gridville, nemelex_dance_club_becter, uniq_pikel
D:5:      layout_basic, nicolae_ru_great_annihilating_truth
D:6:      layout_basic, yredelemnul_altar_generic,
          chequers_temple_overflow_statue_of_worship, okawaru_ov_weapons_minmay,
          nicolae_overflow_crystal_walls, temple_hall, serial_glass,
          glass_columns_b, glass_columns_b, uniq_blork_the_orc

Skill      XL: |  1  2  3  4  5  6  7  8 |
---------------+-------------------------+-----
Dodging        | 2 3 4 5 |  5.2
Unarmed Combat | 4 6 8 9 |  9.3
Fighting       | 3 4 |  4.2
Shields        | 1 2 |  2.7
Throwing       | |  0.7

Action                   |  1- 3 |  4- 6 |  7- 9 || total
-------------------------+-------+-------+-------++-------
Melee: Unarmed           |    85 |   112 |   171 ||   368
       Punch             |       |     5 |       ||     5
Throw: Boomerang         |       |     4 |     6 ||    10
  Use: Potion            |       |       |    13 ||    13
       Scroll            |       |       |     6 ||     6
 Stab: Sleeping          |       |     1 |       ||     1
Armor: Robe              |    47 |    65 |    77 ||   189
       Skin              |       |       |    26 ||    26
Dodge: Dodged            |    48 |    77 |    35 ||   160
Block: Other             |     6 |    34 |       ||    40
       Reflection        |     1 |     3 |     1 ||     5
       Kite shield       |       |     4 |   152 ||   156
